 Dungeon Crawl Stone Soup version 0.19.0-2-gae57169 (webtiles) character file.

58 Patchouli the Chiller (level 3, -1/26 HPs)
             Began as a Demigod Ice Elementalist on Nov 7, 2016.
             Slain by an ice beast (14 damage)
             ... on level 5 of the Dungeon.
             The game lasted 00:05:08 (961 turns).

Patchouli the Chiller (Demigod Ice Elementalist)     Turns: 961, Time: 00:05:10

Health: -1/26      AC:  8    Str: 11    XL:     3   Next: 52%
Magic:  3/8        EV: 12    Int: 21    God:
Gold:   110        SH:  0    Dex: 16    Spells: 2 memorised, 2 levels left

rFire  . . .     SeeInvis .     k - +0 dagger
rCold  . . .     Gourm    .     h - +0 leather armour
rNeg   + . .     Faith    .     (no shield)
rPois  .         Spirit   .     (no helmet)
rElec  .         Reflect  .     (no cloak)
rCorr  .         Harm     .     (no gloves)
MR     .....     Rnd*Tele +     (no boots)
Stlth  ++........               (no amulet)
                                p - ring of teleportation (curse)
                                f - ring of positive energy

@: icy armour, very slightly contaminated, slow
A: high mp 1
a: no special abilities


You were on level 5 of the Dungeon.
You were very hungry.

You visited 1 branch of the dungeon, and saw 5 of its levels.

You collected 110 gold pieces.

Inventory:

Hand Weapons
 k - a +0 dagger (weapon)
 n - a +0 hunting sling
Armour
 a - a +0 robe
 h - a +0 leather armour (worn)
Jewellery
 f - a ring of positive energy (left hand)
 p - a cursed ring of teleportation (right hand)
Scrolls
 i - 3 scrolls of identify
Potions
 l - a potion of agility
 o - a potion of heal wounds {unknown}
 q - a potion of might {unknown}
Books
 b - a book of Frost

   Spells                             Type                      Level
   a - Freeze                         Ice                          1
   b - Throw Frost                    Conjuration/Ice              2
   c - Ozocubu's Armour               Charms/Ice                   3
   d - Throw Icicle                   Conjuration/Ice              4
   e - Summon Ice Beast               Ice/Summoning                4
Comestibles
 c - 2 bread rations
 j - a slice of pizza
 m - 2 meat rations


   Skills:
 * Level 1.3 Armour
 + Level 2.2 Dodging
 - Level 1.7 Stealth
 * Level 2.1 Spellcasting
   Level 0.8 Conjurations
 * Level 0.1 Charms
 * Level 3.3 Ice Magic


You had 2 spell levels left.
You knew the following spells:

 Your Spells              Type           Power        Failure   Level  Hunger
a - Freeze                Ice            ###.         6%          1    #......
q - Ozocubu's Armour      Chrm/Ice       #.......     30%         3    ###....


Dungeon Overview and Level Annotations

Branches:
Dungeon (5/15)
 Temple: D:4-7


Innate Abilities, Weirdness & Mutations

You have an increased reservoir of magic. (+10% MP)


Message History

You hit the adder skeleton.
You destroy the adder skeleton!
You now have 110 gold pieces (gained 10).
Found a stone staircase leading up.
A worker ant comes into view.
Found a leatherbound book.
Found a scroll labeled EWNEKLUCLA.
You are suddenly yanked towards a nearby monster!
Your surroundings suddenly seem different.
Found a scroll labeled PALOBOEFRE, a club and a scroll of teleportation.
Found a stone staircase leading down.
An ice beast comes into view.
The ice beast hits you. The ice beast freezes you!
Casting: Ozocubu's Armour
Confirm with . or Enter, or press ? or * to list all spells.
A film of ice covers your body!
You are feeling very hungry.
The ice beast hits you. The ice beast freezes you!
Ouch! That really hurt!
You die...

###########
.......@..#
.....?>.Y.#
..........)#
.......?...#
...#..####.#
.. #.# .. .
#. #.# .. .#


You could see an ice beast.

Vanquished Creatures
  3 adders
  2 adder skeletons
  A worm (D:2)
  An orc (D:3)
  A giant cockroach (D:2)
  2 goblins
  3 hobgoblins
  5 jackals
  A bat (D:1)
  2 kobolds
  2 rats (D:2)
23 creatures vanquished.

Notes
Turn   | Place    | Note
-------+----------+-------------------------------------------
     0 | D:1      | Patchouli the Demigod Ice Elementalist began the quest for the Orb.
     0 | D:1      | Reached XP level 1. HP: 14/14 MP: 5/5
   142 | D:3      | Reached skill level 3 in Ice Magic
   230 | D:4      | Noticed a worker ant
   240 | D:3      | Found a stormy altar of Qazlal.
   269 | D:2      | Found a bloodstained altar of Trog.
   283 | D:3      | Found a shimmering altar of Xom.
   294 | D:3      | Reached XP level 2. HP: 20/20 MP: 1/7
   505 | D:2      | Reached skill level 1 in Armour
   505 | D:2      | Reached XP level 3. HP: 23/26 MP: 5/8
   664 | D:2      | Learned a level 3 spell: Ozocubu's Armour
   903 | D:5      | Entered Level 5 of the Dungeon
   960 | D:5      | Noticed an ice beast
   961 | D:5      | Slain by an ice beast

Skill      XL: |  1  2 |
---------------+-------+-----
Ice Magic      | 3 |  3.3
Dodging        | 2 |  2.2
Armour         | 1 |  1.3
Spellcasting   | 2 |  2.1
Stealth        | |  1.7
Conjurations   | |  0.8
Charms         | |  0.1

Action                   || total
-------------------------++-------
Melee: Unarmed           ||     8
       Dagger            ||    23
 Cast: Freeze            ||    36
       Ozocubu's Armour  ||     1
  Use: Scroll            ||     4
 Stab: Sleeping          ||     1
Armor: Leather armour    ||     8
       Robe              ||     2
Dodge: Dodged            ||    43
